 Dungeon Crawl Stone Soup version 0.21-a0-509-gecc5317 (webtiles) character file.

291 Laiders the Ruffian (level 6, -6/47 HPs)
             Began as a Draconian Transmuter on Dec 1, 2017.
             Mangled by Edmund
             ... wielding a +4 dire flail of crushing
              (12 damage)
             ... on level 5 of the Dungeon.
             The game lasted 00:10:54 (3663 turns).

Laiders the Ruffian (Draconian Transmuter)          Turns: 3663, Time: 00:10:55

Health: -6/47      AC:  2    Str: 13    XL:     6   Next: 10%
Magic:  4/9        EV: 19    Int: 15    God:
Gold:   145        SH:  0    Dex: 21    Spells: 3/9 levels left

rFire    . . .     SeeInvis .     - Unarmed
rCold    . . .     Gourm    .   (shield currently unavailable)
rNeg     . . .     Faith    .   (armour unavailable)
rPois    x         Spirit   .   (helmet currently unavailable)
rElec    .         Reflect  .   (cloak currently unavailable)
rCorr    .         Harm     .   (gloves currently unavailable)
MR       .....                  (boots currently unavailable)
Stlth    ++........             (no amulet)
HPRegen  0.15/turn              t - +5 ring of dexterity
MPRegen  0.11/turn              (no ring)

@: spider-form
A: tiny, unfitting armour, AC +6
a: End Transformation


You were on level 5 of the Dungeon.
You were hungry.
You were a venomous arachnid creature.
You visited 1 branch of the dungeon, and saw 5 of its levels.

You collected 145 gold pieces.

Inventory:

Missiles
 a - 39 arrows
Armour
 i - a cursed +0 pair of gloves (melded)
 q - a +0 cloak (melded)
Jewellery
 o - an uncursed amulet of guardian spirit
 t - a +5 ring of dexterity (left front leg)
Scrolls
 e - a scroll of noise
 g - a scroll of fear {unknown}
 h - a scroll of enchant armour {unknown}
 j - a scroll of remove curse {unknown}
 l - a scroll of teleportation {unknown}
Potions
 k - a potion of mutation
 m - a potion of magic
 r - 2 potions of curing
 s - a potion of lignification {unknown}
Books
 b - a book of Changes

   Spells                             Type                      Level
   a - Beastly Appendage              Transmutation                1
   b - Sticks to Snakes               Transmutation                2
   c - Spider Form                    Transmutation/Poison         3
   d - Ice Form                       Ice/Transmutation            4
   e - Blade Hands                    Transmutation                5
Comestibles
 c - a bread ration
 d - 4 fruits
 f - a meat ration
 p - a royal jelly


   Skills:
 - Level 1.1 Fighting
 - Level 1.7 Dodging
 + Level 5.2 Unarmed Combat
 - Level 2.0 Spellcasting
 + Level 3.6 Transmutations
 + Level 2.7 Poison Magic


You had 3 spell levels left.
You knew the following spells:

 Your Spells              Type           Power        Failure   Level  Hunger
a - Beastly Appendage     Tmut           ##....       14%         1    #......
b - Sticks to Snakes      Tmut           ##......     21%         2    ###....
c - Spider Form           Tmut/Pois      ##........   38%         3    ###....


Dungeon Overview and Level Annotations

Branches:
Dungeon (5/15)
 Temple: D:4-7

Altars:
Dithmenos

Shops:
D:4 :

Annotations:
D:5 Edmund


Innate Abilities, Weirdness & Mutations

((Your plain brown scales are hard. (AC +6)))
You cannot fit into any form of body armour.
((You are cold-blooded and may be slowed by cold attacks.))


Message History

Edmund struggles to escape constriction.
Your ball python bites Edmund but does no damage.
Your ball python constricts Edmund.
Your ball python bites Edmund.
Edmund escapes!
Casting: Sticks to Snakes
Confirm with . or Enter, or press ? or * to list all spells.
You turn into a venomous arachnid creature.
Your +0 cloak melds into your body.
Your cursed +0 pair of gloves melds into your body.
Your ball python withers and dies!
Your ball python bites Edmund but does no damage.
Your ball python grabs Edmund.
Your ball python constricts Edmund.
Edmund struggles to escape constriction.
Your ball python bites Edmund but does no damage.
Your ball python constricts Edmund.
Edmund struggles to escape constriction.
Your ball python bites Edmund but does no damage.
Your ball python constricts Edmund.
Edmund hits you with a dire flail of crushing!
You die...

#.#.#..# # #.#..#
# #.#..# #.#.#..#
# #.#.#..##.###
#[..........#
#######.S.......#
.......@..#######
#######s### #.#
#.# #.# #.. ####


You could see Edmund and a friendly ball python.

Vanquished Creatures
  A howler monkey (D:4)
  An orc wizard (D:4)
  Natasha (thrice) (D:3)
  A gnoll (D:1)
  4 adders
  An ooze (D:1)
  2 worms
  3 dart slugs
  2 leopard geckos
  8 orcs
  A ball python (D:1)
  7 bats
  6 giant cockroaches
  8 hobgoblins
  7 jackals
  7 kobolds
  A quokka (D:3)
  A ball python skeleton (D:4)
  7 frilled lizards
  6 goblins
  7 rats
84 creatures vanquished.

Notes
Turn   | Place    | Note
-------+----------+-------------------------------------------
     0 | D:1      | Laiders the Draconian Transmuter began the quest for the Orb.
     0 | D:1      | Reached XP level 1. HP: 16/16 MP: 3/3
   110 | D:1      | Reached XP level 2. HP: 15/23 MP: 5/5
   433 | D:1      | Reached skill level 4 in Unarmed Combat
   568 | D:1      | Reached XP level 3. HP: 15/28 MP: 6/6
   712 | D:1      | Learned a level 2 spell: Sticks to Snakes
   716 | D:1      | Learned a level 3 spell: Spider Form
  1248 | D:2      | Found a shadowy altar of Dithmenos.
  1389 | D:2      | Reached skill level 1 in Poison Magic
  1389 | D:2      | Reached XP level 4. HP: 35/35 MP: 5/7
  2275 | D:3      | Noticed Natasha
  2286 | D:3      | Killed Natasha
  2429 | D:3      | Reached XP level 5. HP: 39/40 MP: 8/8
  2771 | D:3      | Noticed Natasha
  2776 | D:3      | Killed Natasha
  2852 | D:3      | Noticed Natasha
  2858 | D:3      | Killed Natasha
  2858 | D:3      | Reached skill level 5 in Unarmed Combat
  2941 | D:4      | Found Ikyxawk's Book Boutique.
  3310 | D:4      | Reached XP level 6. HP: 24/47 MP: 7/9
  3634 | D:5      | Entered Level 5 of the Dungeon
  3634 | D:5      | Noticed Edmund
  3663 | D:5      | Mangled by Edmund

Vault maps used:
D:1:      mainiacjoe_arrival_reflecting_pool, serial_park_tiny_2,
          minmay_tree_intersection, minmay_unequal
D:2:      nicolae_dithmenos_shadow_blocks
D:3:      uniq_natasha
D:4:      kb_forest_paths, serial_co_window_serial, co_window_paths_a,
          co_window_paths_b, co_window_corner_a, co_window_corner_a,
          co_window_paths_a, co_window_corner_a, glass_columns_a,
          glass_columns_a, glass_columns_c, glass_columns_a, glass_columns_a,
          first_bread, serial_shops, shop, uniq_duvessa
D:5:      overflow_temple_1_default, uniq_crazy_yiuf_cottage, uniq_edmund

Skill      XL: |  1  2  3  4  5 |
---------------+----------------+-----
Unarmed Combat | 4 5 |  5.2
Poison Magic   | 1 2 |  2.7
Transmutations | 3 |  3.6
Fighting       | |  1.1
Dodging        | |  1.7
Spellcasting   | |  2.0

Action                   |  1- 3 |  4- 6 || total
-------------------------+-------+-------++-------
Melee: Unarmed           |   144 |   168 ||   312
       Tailslap          |    10 |    21 ||    31
       Kick              |     2 |     3 ||     5
       Punch             |     2 |     1 ||     3
       Headbutt          |     3 |     7 ||    10
 Cast: Beastly Appendage |     3 |     8 ||    11
       Sticks to Snakes  |       |     4 ||     4
       Spider Form       |       |     1 ||     1
  Use: Scroll            |       |     6 ||     6
 Stab: Sleeping          |       |     1 ||     1
  Eat: Chunk             |     2 |     7 ||     9
Armor: Skin              |    66 |    57 ||   123
Dodge: Dodged            |   125 |   103 ||   228

Table legend:
 A = Spawn XP
 B = Non-spawn XP
 C = Spawn XP percentage of total XP
 D = Spawn monster count
 E = Non-spawn monster count
 F = Spawn count percentage of total count
 G = Total turns spent on level
                    A         B        C        D         E        F      G
               +---------+---------+-------+---------+---------+-------+---------
         Total |       0 |     417 |   0.0 |       0 |      84 |   0.0 |  3663
               +---------+---------+-------+---------+---------+-------+---------
           D:1 |       0 |      78 |   0.0 |       0 |      33 |   0.0 |  1245
           D:2 |       0 |      58 |   0.0 |       0 |      17 |   0.0 |   670
           D:3 |       0 |     146 |   0.0 |       0 |      18 |   0.0 |  1025
           D:4 |       0 |     132 |   0.0 |       0 |      14 |   0.0 |   694
           D:5 |       0 |       3 |   0.0 |       0 |       2 |   0.0 |    29
               +---------+---------+-------+---------+---------+-------+---------
